[Event "FIDE World Senior-50 CC 2023"]
[Site "Terrasini"]
[Date "2023.10.27"]
[Round "3.7"]
[White "Lima, Darcy"]
[Black "Nikolaidis, Konstantinos"]
[Result "1-0"]
[ECO "E63"]
[WhiteElo "2416"]
[BlackElo "2096"]
[Annotator "ChessBase"]
[PlyCount "59"]
[EventDate "2023.10.22"]
[EventType "swiss"]
[EventCountry "ITA"]
[SourceTitle "playchess.com"]
[Source "ChessBase"]
[SourceQuality "1"]
[TimeControl "40/5400+30:1800+30"]

1. c4 Nf6 2. g3 g6 3. Bg2 Bg7 4. Nc3 O-O 5. d4 d6 6. h3 Nc6 7. Nf3 a6 8. e4 Rb8 9. O-O b5 10. d5 Na5 11. cxb5 axb5 12. b4 Nc4 13. Nd4 Bd7 14. Re1 e5 15. Nc6 Bxc6 16. dxc6 Qe8 17. a4 Qxc6 18. Nxb5 Rfd8 19. Bg5 Qd7 20. Bf1 c6 21. Bxc4 cxb5 22. Bxb5 Qxh3 23. Bf1 Qe6 24. b5 d5 25. Qb3 Qg4 26. Bxf6 Bxf6 27. a5 dxe4 28. a6 e3 29. Qxe3 e4 30. Ra4 1-0

[Event "FIDE World Senior-50 CC 2023"]
[Site "Terrasini"]
[Date "2023.10.27"]
[Round "3.8"]
[White "Sturua, Zurab"]
[Black "Lasinskas, Povilas"]
[Result "1-0"]
[ECO "E44"]
[WhiteElo "2514"]
[BlackElo "2143"]
[Annotator "ChessBase"]
[PlyCount "51"]
[EventDate "2023.10.22"]
[EventType "swiss"]
[EventCountry "ITA"]
[SourceTitle "playchess.com"]
[Source "ChessBase"]
[SourceQuality "1"]
[TimeControl "40/5400+30:1800+30"]

1. d4 Nf6 2. c4 e6 3. Nc3 Bb4 4. e3 O-O 5. Nge2 b6 6. a3 Be7 7. e4 d6 8. Ng3 c5 9. d5 exd5 10. cxd5 Nbd7 11. Be2 Ne8 12. O-O g6 13. Bh6 Ng7 14. f4 a6 15. a4 Qc7 16. Kh1 Rb8 17. e5 dxe5 18. Nce4 Bd6 19. f5 f6 20. Bg4 Ne8 21. fxg6 hxg6 22. Be6+ Kh7 23. Qg4 Kxh6 24. Nf5+ gxf5 25. Rxf5 Ng7 26. Ra3 1-0

[Event "FIDE World Senior-50 CC 2023"]
[Site "Terrasini"]
[Date "2023.10.27"]
[Round "3.9"]
[White "Plotkin, Victor"]
[Black "Dlugy, Maxim"]
[Result "1/2-1/2"]
[ECO "B22"]
[WhiteElo "2229"]
[BlackElo "2520"]
[Annotator "ChessBase"]
[PlyCount "86"]
[EventDate "2023.10.22"]
[EventType "swiss"]
[EventCountry "ITA"]
[SourceTitle "playchess.com"]
[Source "ChessBase"]
[SourceQuality "1"]
[TimeControl "40/5400+30:1800+30"]

1. e4 c5 2. c3 d5 3. exd5 Qxd5 4. d4 e6 5. Nf3 Nf6 6. Be3 cxd4 7. cxd4 Nc6 8. Nc3 Qd6 9. Bc4 Be7 10. O-O O-O 11. a3 Rd8 12. Qd2 a6 13. Rfd1 b5 14. Ba2 b4 15. Na4 bxa3 16. bxa3 Nd5 17. Bxd5 exd5 18. Nb6 Ra7 19. Nxc8 Rxc8 20. Rdc1 Rb7 21. Ne5 Na7 22. Rxc8+ Nxc8 23. a4 Qb6 24. g3 f6 25. Nd3 Nd6 26. Nf4 Nc4 27. Qc2 Qd6 28. Rc1 Rc7 29. Qb1 Bf8 30. Qb8 Rd7 31. Qb3 Qa3 32. Qxa3 Bxa3 33. Rb1 Kf7 34. Rb8 Bd6 35. Ra8 Bxf4 36. Bxf4 g5 37. Be3 Rd6 38. h4 h6 39. Kg2 Nb2 40. g4 Nxa4 41. Ra7+ Kg8 42. Ra8+ Kf7 43. Ra7+ Kg8 1/2-1/2

[Event "FIDE World Senior-50 CC 2023"]
[Site "Terrasini"]
[Date "2023.10.27"]
[Round "3.10"]
[White "Mohr, Georg"]
[Black "Jhunjhnuwala, Krishan"]
[Result "1-0"]
[ECO "B38"]
[WhiteElo "2430"]
[BlackElo "2268"]
[Annotator "ChessBase"]
[PlyCount "95"]
[EventDate "2023.10.22"]
[EventType "swiss"]
[EventCountry "ITA"]
[SourceTitle "playchess.com"]
[Source "ChessBase"]
[SourceQuality "1"]
[TimeControl "40/5400+30:1800+30"]

1. e4 c5 2. Nf3 Nc6 3. d4 cxd4 4. Nxd4 g6 5. c4 Bg7 6. Be3 Nf6 7. Nc3 d6 8. Be2 O-O 9. O-O Bd7 10. Qd2 Nxd4 11. Bxd4 Bc6 12. f3 a5 13. b3 Nd7 14. Bf2 Nc5 15. Rab1 Qb6 16. Rfc1 Qb4 17. Rc2 Rfc8 18. Bf1 a4 19. Nd5 Qxd2 20. Rxd2 Bxd5 21. Rxd5 axb3 22. axb3 Bc3 23. b4 Na4 24. c5 Be5 25. cxd6 exd6 26. Ra5 Kf8 27. g3 Ke7 28. Bh3 Rcb8 29. f4 Bc3 30. Rd5 Bg7 31. Re1 b6 32. e5 dxe5 33. Rd7+ Kf8 34. fxe5 Rd8 35. e6 fxe6 36. Bxe6 Rxd7 37. Bxd7 Bc3 38. Re4 Kf7 39. Bc6 Ra7 40. Re3 Bb2 41. Rb3 Bc1 42. Kg2 Nb2 43. Bxb6 Re7 44. Bd5+ Ke8 45. Bf3 Nc4 46. Bc6+ Kf8 47. Bc5 Ne3+ 48. Kf3 1-0

[Event "FIDE World Senior-50 CC 2023"]
[Site "Terrasini"]
[Date "2023.10.27"]
[Round "3.11"]
[White "Minnican, Alan"]
[Black "Seul, Georg"]
[Result "1/2-1/2"]
[ECO "A46"]
[WhiteElo "2071"]
[BlackElo "2383"]
[Annotator "ChessBase"]
[PlyCount "96"]
[EventDate "2023.10.22"]
[EventType "swiss"]
[EventCountry "ITA"]
[SourceTitle "playchess.com"]
[Source "ChessBase"]
[SourceQuality "1"]
[TimeControl "40/5400+30:1800+30"]

1. d4 Nf6 2. Bf4 e6 3. e3 c5 4. Nf3 cxd4 5. exd4 b6 6. Nbd2 Be7 7. Bd3 Ba6 8. Bxa6 Nxa6 9. O-O O-O 10. c3 d6 11. Qe2 Nc7 12. h3 b5 13. a4 a6 14. Nb3 Nfd5 15. Bd2 Qd7 16. axb5 axb5 17. Rxa8 Rxa8 18. Ra1 Rxa1+ 19. Nxa1 Qc6 20. Nc2 Qa6 21. Na3 Nb6 22. Bg5 f6 23. Be3 b4 24. Qxa6 Nxa6 25. Nc2 bxc3 26. bxc3 d5 27. Kf1 Na4 28. Bd2 Nc7 29. Ne3 Nb6 30. Ke2 Nb5 31. Kd3 Nd6 32. Ng1 Kf7 33. f3 e5 34. Ne2 Ke6 35. Bc1 Nbc4 36. Nxc4 Nxc4 37. Be3 Bd6 38. Bf2 Bc7 39. Be3 Nd6 40. Bf2 Nc4 41. Be3 Bb6 42. Bg1 Bd8 43. Be3 Be7 44. Bc1 g6 45. Be3 Bd6 46. Bc1 Bf8 47. Be3 Nd6 48. Bd2 Nc4 1/2-1/2

[Event "FIDE World Senior-50 CC 2023"]
[Site "Terrasini"]
[Date "2023.10.27"]
[Round "3.12"]
[White "Vinter-Schou, Uffe"]
[Black "Prasad, Devaki V"]
[Result "0-1"]
[ECO "E14"]
[WhiteElo "2345"]
[BlackElo "2200"]
[Annotator "ChessBase"]
[PlyCount "86"]
[EventDate "2023.10.22"]
[EventType "swiss"]
[EventCountry "ITA"]
[SourceTitle "playchess.com"]
[Source "ChessBase"]
[SourceQuality "1"]
[TimeControl "40/5400+30:1800+30"]

1. Nf3 d5 2. c4 e6 3. e3 Nf6 4. b3 b6 5. Bb2 Bb7 6. Nc3 Bd6 7. Rc1 a6 8. d4 Nbd7 9. Bd3 O-O 10. O-O Ne4 11. Ne2 Qe7 12. Qc2 c5 13. Ng3 f5 14. Ne5 Rac8 15. Qe2 a5 16. Nh5 Nxe5 17. dxe5 Bb8 18. Rfd1 Rcd8 19. Nf4 d4 20. exd4 cxd4 21. f3 Nc3 22. Bxc3 dxc3 23. Kh1 Kf7 24. c5 Qxc5 25. Bc4 Bc8 26. Nd3 Qd4 27. Qc2 Bxe5 28. Nxe5+ Qxe5 29. Re1 Qf6 30. Qxc3 Qxc3 31. Rxc3 Rd2 32. Rce3 Re8 33. Re5 Kf6 34. a4 g5 35. Kg1 h5 36. Kf1 h4 37. h3 Bd7 38. R1e3 Re7 39. Be2 f4 40. R3e4 Bc6 41. Bb5 Bxe4 42. Rxe4 Rc7 43. Bc4 e5 0-1

[Event "FIDE World Senior-50 CC 2023"]
[Site "Terrasini"]
[Date "2023.10.27"]
[Round "3.13"]
[White "Cummings, David H."]
[Black "Schnelzer, Reinhold"]
[Result "1-0"]
[ECO "D14"]
[WhiteElo "2325"]
[BlackElo "2174"]
[Annotator "ChessBase"]
[PlyCount "76"]
[EventDate "2023.10.22"]
[EventType "swiss"]
[EventCountry "ITA"]
[SourceTitle "playchess.com"]
[Source "ChessBase"]
[SourceQuality "1"]
[TimeControl "40/5400+30:1800+30"]

1. c4 c6 2. d4 d5 3. cxd5 cxd5 4. Bf4 Nc6 5. e3 Nf6 6. Nc3 Bf5 7. Nf3 e6 8. Qb3 Bb4 9. Ne5 O-O 10. Nxc6 Bxc3+ 11. Qxc3 bxc6 12. Qa3 a5 13. Be2 Qb6 14. O-O Rfc8 15. Rfc1 Nd7 16. Bd6 f6 17. Qc3 a4 18. h4 h6 19. a3 Ra7 20. Qb4 Raa8 21. Rc3 Qxb4 22. axb4 Nb6 23. Rac1 Nc4 24. Bxc4 dxc4 25. Rxc4 Be4 26. f3 Bd5 27. Rc5 Rd8 28. Bg3 f5 29. Re1 Ra6 30. Be5 Rd7 31. e4 Bb3 32. Rec1 Rb6 33. Rxc6 Rxb4 34. Rc8+ Kf7 35. h5 Ba2 36. Ra8 Rxb2 37. Rcc8 Rdb7 38. Rg8 R2b4 1-0

[Event "FIDE World Senior-50 CC 2023"]
[Site "Terrasini"]
[Date "2023.10.27"]
[Round "3.14"]
[White "Milat, Marcel"]
[Black "Cabe, Arlan"]
[Result "1-0"]
[ECO "D30"]
[WhiteElo "2207"]
[BlackElo "2303"]
[Annotator "ChessBase"]
[PlyCount "73"]
[EventDate "2023.10.22"]
[EventType "swiss"]
[EventCountry "ITA"]
[SourceTitle "playchess.com"]
[Source "ChessBase"]
[SourceQuality "1"]
[TimeControl "40/5400+30:1800+30"]

1. d4 d5 2. c4 c6 3. Nf3 Nf6 4. e3 e6 5. b3 a5 6. a3 Nbd7 7. Bb2 b6 8. Bd3 Ba6 9. Nc3 Be7 10. O-O O-O 11. Re1 dxc4 12. bxc4 c5 13. d5 exd5 14. cxd5 c4 15. Bf1 Re8 16. d6 Bf8 17. e4 Ng4 18. Qd4 Qf6 19. e5 Qf5 20. Nd5 Nc5 21. h3 Nh6 22. Bxc4 Bxc4 23. Qxc4 Nd3 24. Re2 Bxd6 25. Ne3 Nxb2 26. Rxb2 Qe6 27. Qxe6 Rxe6 28. exd6 Rxd6 29. Rab1 Rd3 30. Rxb6 g6 31. R1b3 Rad8 32. Ne5 Rxb3 33. Rxb3 Rc8 34. Rb5 a4 35. Ra5 f6 36. N5g4 Nxg4 37. Nxg4 1-0

[Event "FIDE World Senior-50 CC 2023"]
[Site "Terrasini"]
[Date "2023.10.27"]
[Round "3.15"]
[White "Degraeve, Jean-Marc"]
[Black "Folk, Petr"]
[Result "1-0"]
[ECO "B30"]
[WhiteElo "2479"]
[BlackElo "2109"]
[Annotator "ChessBase"]
[PlyCount "69"]
[EventDate "2023.10.22"]
[EventType "swiss"]
[EventCountry "ITA"]
[SourceTitle "playchess.com"]
[Source "ChessBase"]
[SourceQuality "1"]
[TimeControl "40/5400+30:1800+30"]

1. e4 c5 2. Nf3 Nc6 3. Bb5 e6 4. O-O Nge7 5. Re1 Nd4 6. Bf1 Nec6 7. d3 Be7 8. Nfd2 O-O 9. c3 Nb5 10. d4 Nc7 11. Nf3 d5 12. e5 f6 13. exf6 Bxf6 14. Bf4 c4 15. Ne5 Bxe5 16. Bxe5 Nxe5 17. Rxe5 Qf6 18. Qe1 Bd7 19. Nd2 Be8 20. Nf3 Bg6 21. Re3 Rae8 22. Ne5 Qd8 23. Nxg6 hxg6 24. g3 g5 25. Bh3 Rf6 26. Qe2 Rh6 27. Bg4 Qf6 28. Re5 Kf7 29. Re1 Reh8 30. h3 Rxh3 31. Bxh3 Rxh3 32. Kg2 Qh6 33. Qf3+ Kg8 34. Rxg5 Rh2+ 35. Kg1 1-0

[Event "FIDE World Senior-50 CC 2023"]
[Site "Terrasini"]
[Date "2023.10.27"]
[Round "3.16"]
[White "Stefansson, Hannes"]
[Black "Steadman, Michael V R"]
[Result "1-0"]
[ECO "D30"]
[WhiteElo "2529"]
[BlackElo "2114"]
[Annotator "ChessBase"]
[PlyCount "57"]
[EventDate "2023.10.22"]
[EventType "swiss"]
[EventCountry "ITA"]
[SourceTitle "playchess.com"]
[Source "ChessBase"]
[SourceQuality "1"]
[TimeControl "40/5400+30:1800+30"]

1. d4 e6 2. c4 d5 3. Nf3 c6 4. Qc2 Bb4+ 5. Bd2 Bxd2+ 6. Nbxd2 f5 7. e3 Nf6 8. Bd3 Ne4 9. Bxe4 dxe4 10. Ne5 c5 11. Qc3 b6 12. dxc5 bxc5 13. O-O-O Qc7 14. f3 exf3 15. gxf3 Bb7 16. Rhg1 Rg8 17. e4 Na6 18. exf5 O-O-O 19. fxe6 Rde8 20. f4 g6 21. Rge1 Re7 22. Ne4 Bxe4 23. Rd7 Nb4 24. Rxc7+ Rxc7 25. Qb3 Bf5 26. a3 Nc2 27. Qf3 Kb8 28. Nc6+ Kc8 29. Nd4 1-0

[Event "FIDE World Senior-50 CC 2023"]
[Site "Terrasini"]
[Date "2023.10.27"]
[Round "3.17"]
[White "Becker, Rogerio Sperb"]
[Black "Godena, Michele"]
[Result "1/2-1/2"]
[ECO "A23"]
[WhiteElo "2102"]
[BlackElo "2441"]
[Annotator "ChessBase"]
[PlyCount "134"]
[EventDate "2023.10.22"]
[EventType "swiss"]
[EventCountry "ITA"]
[SourceTitle "playchess.com"]
[Source "ChessBase"]
[SourceQuality "1"]
[TimeControl "40/5400+30:1800+30"]

1. c4 e5 2. g3 c6 3. d4 exd4 4. Qxd4 Nf6 5. Nc3 Na6 6. Bg2 d5 7. cxd5 Nb4 8. Qd1 Nbxd5 9. Nxd5 Nxd5 10. Nf3 Bc5 11. O-O O-O 12. Qc2 Bb6 13. a3 Re8 14. b3 Qf6 15. Bb2 Bf5 16. Qd2 Qe7 17. Nd4 Be4 18. Bxe4 Qxe4 19. e3 Rad8 20. b4 Nc7 21. Qc1 Bxd4 22. Bxd4 Ne6 23. f3 Nxd4 24. fxe4 Ne2+ 25. Kf2 Nxc1 26. Raxc1 Rxe4 27. b5 cxb5 28. Rc7 f5 29. Rxb7 Rd2+ 30. Kg1 Rxe3 31. Rxa7 h6 32. Rf2 Re1+ 33. Kg2 Ree2 34. Rxe2 Rxe2+ 35. Kg1 Kh7 36. Ra6 Ra2 37. Rb6 Rxa3 38. Rxb5 Kg6 39. Rb7 Kf6 40. Rc7 Ra1+ 41. Kg2 Ra2+ 42. Kg1 g6 43. Rc6+ Kg5 44. Rb6 Rd2 45. Ra6 Kg4 46. Rxg6+ Kf3 47. h4 Rg2+ 48. Kf1 f4 49. Ra6 Rf2+ 50. Kg1 Kxg3 51. Rg6+ Kf3 52. Rxh6 Rg2+ 53. Kf1 Ra2 54. Kg1 Rg2+ 55. Kf1 Rd2 56. Kg1 Rd1+ 57. Kh2 Kf2 58. Rf6 f3 59. Rf8 Ke2 60. Re8+ Kf1 61. Kg3 f2 62. Rf8 Rd3+ 63. Kg4 Kg2 64. Rxf2+ Kxf2 65. h5 Rd6 66. Kg5 Kg3 67. h6 Rxh6 1/2-1/2

[Event "FIDE World Senior-50 CC 2023"]
[Site "Terrasini"]
[Date "2023.10.27"]
[Round "3.18"]
[White "Matzat, Andre"]
[Black "Paschall, William"]
[Result "0-1"]
[ECO "A46"]
[WhiteElo "2098"]
[BlackElo "2329"]
[Annotator "ChessBase"]
[PlyCount "82"]
[EventDate "2023.10.22"]
[EventType "swiss"]
[EventCountry "ITA"]
[SourceTitle "playchess.com"]
[Source "ChessBase"]
[SourceQuality "1"]
[TimeControl "40/5400+30:1800+30"]

1. d4 d6 2. Nf3 Nf6 3. Bf4 Nbd7 4. Nbd2 Nh5 5. Bg5 h6 6. Bh4 g5 7. Bg3 Bg7 8. c3 c5 9. e3 Nxg3 10. hxg3 a6 11. a4 Qc7 12. Qb3 e6 13. d5 exd5 14. Qxd5 Nf6 15. Qd3 d5 16. Qc2 Be6 17. Be2 O-O-O 18. Bd3 Ng8 19. Bf5 Ne7 20. g4 Bxf5 21. gxf5 g4 22. Ng1 h5 23. Ne2 h4 24. O-O-O Qe5 25. e4 Bh6 26. f4 Bxf4 27. Nxf4 Qxf4 28. Rhf1 Qg3 29. exd5 Nxd5 30. Nc4 Ne3 31. Nxe3 Qxe3+ 32. Kb1 Rxd1+ 33. Rxd1 h3 34. gxh3 gxh3 35. Qh2 Qe4+ 36. Kc1 Qe3+ 37. Kc2 Qe4+ 38. Kb3 Qxf5 39. Rd2 Qe6+ 40. Ka3 Qe7 41. Re2 Qxe2 0-1

[Event "FIDE World Senior-50 CC 2023"]
[Site "Terrasini"]
[Date "2023.10.27"]
[Round "3.19"]
[White "Mantovani, Renzo"]
[Black "Farrell, Neil"]
[Result "1-0"]
[ECO "E05"]
[WhiteElo "2236"]
[BlackElo "2096"]
[Annotator "ChessBase"]
[PlyCount "121"]
[EventDate "2023.10.22"]
[EventType "swiss"]
[EventCountry "ITA"]
[SourceTitle "playchess.com"]
[Source "ChessBase"]
[SourceQuality "1"]
[TimeControl "40/5400+30:1800+30"]

1. c4 e6 2. g3 d5 3. Bg2 Nf6 4. Nf3 Be7 5. d4 O-O 6. Nc3 dxc4 7. Qa4 a6 8. Qxc4 b5 9. Qb3 Bb7 10. O-O Nbd7 11. Rd1 c5 12. Bg5 Qb6 13. Ne5 Bd6 14. Nc4 Qc7 15. Nxd6 Bxg2 16. Bxf6 Qxd6 17. Bxg7 Kxg7 18. Kxg2 cxd4 19. Ne4 Qc6 20. Rxd4 f5 21. Qc3 Ne5 22. Qxc6 Nxc6 23. Rd6 fxe4 24. Rxc6 Kf6 25. a4 Rfc8 26. Rac1 Rxc6 27. Rxc6 bxa4 28. Rc4 Kf5 29. Rxa4 Rb8 30. Ra5+ Kf6 31. Rxa6 Rxb2 32. e3 h5 33. Ra4 Kf5 34. Ra5+ e5 35. h3 Rb8 36. Ra7 Rh8 37. Rg7 Kf6 38. Rb7 Kf5 39. Rb6 Kg5 40. Rc6 Kf5 41. h4 Rh7 42. Rc8 Rh6 43. Rf8+ Ke6 44. Rg8 Kd5 45. Re8 Rh7 46. g4 hxg4 47. Kg3 Rf7 48. Rg8 Rf3+ 49. Kg2 Kc4 50. Rxg4 Kd3 51. Rg3 Rf6 52. Kf1 Rh6 53. Rh3 Rh5 54. Kg2 Ke2 55. Rh2 Rf5 56. Kg3 Rf3+ 57. Kg4 Kf1 58. h5 Kg1 59. Rh3 Kxf2 60. h6 Kg2 61. Rxf3 1-0

[Event "FIDE World Senior-50 CC 2023"]
[Site "Terrasini"]
[Date "2023.10.28"]
[Round "4.1"]
[White "Morovic Fernandez, Ivan"]
[Black "Lima, Darcy"]
[Result "1-0"]
[ECO "B76"]
[WhiteElo "2488"]
[BlackElo "2416"]
[Annotator "ChessBase"]
[PlyCount "59"]
[EventDate "2023.10.22"]
[EventType "swiss"]
[EventCountry "ITA"]
[SourceTitle "playchess.com"]
[Source "ChessBase"]
[SourceQuality "1"]
[TimeControl "40/5400+30:1800+30"]

1. e4 c5 2. Nf3 d6 3. d4 cxd4 4. Nxd4 Nf6 5. Nc3 g6 6. Be3 Bg7 7. f3 Nc6 8. Qd2 O-O 9. O-O-O d5 10. Qe1 e5 11. Nxc6 bxc6 12. exd5 Nxd5 13. Bc4 Be6 14. Kb1 a5 15. Ne4 Qb8 16. Bc5 Re8 17. Ba3 h6 18. g4 Nf4 19. Bxe6 Nxe6 20. h4 Qc7 21. g5 h5 22. Bd6 Qb6 23. Nf6+ Bxf6 24. gxf6 Nf4 25. Be7 Qb5 26. a4 Qxa4 27. Qxe5 Nd5 28. Rxd5 cxd5 29. Qg5 Rec8 30. Qh6 1-0

[Event "FIDE World Senior-50 CC 2023"]
[Site "Terrasini"]
[Date "2023.10.28"]
[Round "4.2"]
[White "Atalik, Suat"]
[Black "Matamoros Franco, Carlos S."]
[Result "1-0"]
[ECO "D35"]
[WhiteElo "2427"]
[BlackElo "2455"]
[Annotator "ChessBase"]
[PlyCount "81"]
[EventDate "2023.10.22"]
[EventType "swiss"]
[EventCountry "ITA"]
[SourceTitle "playchess.com"]
[Source "ChessBase"]
[SourceQuality "1"]
[TimeControl "40/5400+30:1800+30"]

1. d4 Nf6 2. c4 e6 3. Nc3 d5 4. cxd5 exd5 5. Bg5 Be7 6. e3 h6 7. Bh4 Bg4 8. Nge2 c6 9. f3 Bc8 10. Bf2 O-O 11. Nf4 Re8 12. Bd3 Nbd7 13. O-O Nf8 14. Qd2 Ne6 15. Nfe2 c5 16. dxc5 Bxc5 17. Rad1 Bd7 18. Bc2 Bc6 19. Ng3 Nf8 20. e4 Bxf2+ 21. Qxf2 Qa5 22. Bb3 dxe4 23. Ncxe4 Bxe4 24. Nxe4 N8h7 25. Nd6 Re7 26. Rfe1 Rd7 27. Nc4 Qb4 28. Ne5 Re7 29. Nd3 Rxe1+ 30. Rxe1 Qd6 31. Ne5 Nd5 32. Qd4 Nhf6 33. Rd1 Re8 34. f4 Rd8 35. Nc4 Qf8 36. a3 Rc8 37. Qxa7 b6 38. Ne5 Qc5+ 39. Kh1 Qe3 40. Bxd5 Rc1 41. Bxf7+ 1-0

[Event "FIDE World Senior-50 CC 2023"]
[Site "Terrasini"]
[Date "2023.10.28"]
[Round "4.3"]
[White "Adams, Michael"]
[Black "Cummings, David H."]
[Result "1-0"]
[ECO "B12"]
[WhiteElo "2670"]
[BlackElo "2325"]
[Annotator "TA"]
[PlyCount "109"]
[EventDate "2023.10.22"]
[EventType "swiss"]
[EventCountry "ITA"]
[SourceTitle "playchess.com"]
[Source "ChessBase"]
[SourceQuality "1"]
[TimeControl "40/5400+30:1800+30"]

1. e4 c6 2. d4 d5 3. e5 c5 4. c3 Nc6 5. Be2 Bf5 6. Nf3 e6 7. O-O cxd4 {[%emt 0:01:14] B12: Caro-Kann: Advance Variation.} 8. Nxd4 Nge7 9. Bb5 Qc7 {[%emt 0:01:04] [#] The position is equal.} (9... Bg6 $5 ) 10. Na3 $146 ({Predecessor:} 10. Qa4 a6 11. Bg5 Rc8 12. Bxc6+ Nxc6 13. Nxf5 exf5 14. Rd1 Bc5 15. Rxd5 Qb6 16. Qc2 {½-½ Pranesh,M (2503)-Xie,K (2369) Abu Dhabi op 29th 2023 (2)}) 10... Be4 11. Qe2 a6 12. Ba4 $1 Qa5 (12... Qxe5 $2 13. f3 $18) ({Black should try} 12... Nc8 $15) 13. Bc2 (13. b3 {seems wilder.} Qc7 14. Nc4 Nc8 15. Nxc6 b5 16. N4a5) 13... Nxd4 ({Don't do} 13... Nxe5 14. Bxe4 dxe4 15. Qxe4 $11) 14. cxd4 Bxc2 15. Nxc2 Rc8 16. Rd1 h5 17. h3 Qb5 18. Rd3 Nf5 19. Qd1 h4 20. Ne3 Be7 (20... Nh6 $11) 21. Rb3 ({Better is} 21. Nxf5 $16 exf5 22. Rb3) 21... Qd7 (21... Nxe3 $11 22. Bxe3 Qd7) 22. Nxf5 $16 exf5 23. Rb6 O-O {[%emt 0:08:52] [#]} (23... Rc6 $14 24. Rxc6 Qxc6) 24. Qb3 $1 Rc6 25. Rxb7 Qe6 26. Bd2 Rfc8 27. Re1 Bd8 28. Bc3 {[%emt 0:07:18] White is much more active.} Rb6 29. Rxb6 Bxb6 30. Qd1 Rc4 31. Qd3 a5 32. b3 Rc8 33. Bd2 g6 (33... Rc6 $16 34. Rf1 Qc8) 34. Bg5 $18 Qc6 35. Bxh4 Qc3 {[%emt 0:01:14] [#]} 36. Rd1 Qxd3 37. Rxd3 {[%emt 0:00:00][%mdl 4096] Endgame KRB-KRB} Rc1+ 38. Kh2 Kf8 39. a4 Rc2 40. f3 Ke8 41. Bg5 Kd7 42. h4 Bd8 43. Bd2 Rb2 44. g3 f4 45. Kh3 fxg3 46. Kxg3 Rb1 (46... Ke6 $16) 47. Bg5 Bb6 48. Be3 Rb2 (48... Bd8 $16 {was worth a try.} 49. Kg4 Rh1) 49. Rc3 Re2 (49... Rb1 $142 50. f4 Rd1) 50. f4 {[%emt 0:00:00][%cal Of4f5] And now f5! would win.} Re1 {[%emt 0:04:03] [#]} (50... Bd8 {might work better.} 51. f5 Ke8) 51. f5 $1 {[%emt 0:00:00][%mdl 64] Deflection. White is clearly winning.} gxf5 52. h5 Rh1 53. h6 f4+ 54. Bxf4 ({Weaker is} 54. Kxf4 Rxh6 55. Kg4 Rh1 $14) 54... Bxd4 55. Rd3 {[%emt 0:09:15] Weighted Error Value: White=0.08 (flawless) /Black=0.26 (precise)} 1-0

[Event "FIDE World Senior-50 CC 2023"]
[Site "Terrasini"]
[Date "2023.10.28"]
[Round "4.4"]
[White "Estremera Panos, Sergio"]
[Black "Sturua, Zurab"]
[Result "1/2-1/2"]
[ECO "E43"]
[WhiteElo "2232"]
[BlackElo "2514"]
[Annotator "ChessBase"]
[PlyCount "47"]
[EventDate "2023.10.22"]
[EventType "swiss"]
[EventCountry "ITA"]
[SourceTitle "playchess.com"]
[Source "ChessBase"]
[SourceQuality "1"]
[TimeControl "40/5400+30:1800+30"]

1. d4 Nf6 2. c4 e6 3. Nc3 Bb4 4. e3 O-O 5. Nf3 c5 6. Bd3 b6 7. O-O Bb7 8. Na4 cxd4 9. a3 Bd6 10. exd4 Bxf3 11. Qxf3 Nc6 12. Be3 e5 13. dxe5 Nxe5 14. Qd1 Qc7 15. h3 Rfe8 16. Nc3 Bc5 17. Bg5 Qc6 18. Bxf6 Qxf6 19. Nd5 Qd8 20. b4 Bf8 21. Re1 Rc8 22. Rc1 Qh4 23. Re4 Qh6 24. f4 1/2-1/2

[Event "FIDE World Senior-50 CC 2023"]
[Site "Terrasini"]
[Date "2023.10.28"]
[Round "4.5"]
[White "Bischoff, Klaus"]
[Black "Nadanian, Ashot"]
[Result "1/2-1/2"]
[ECO "D30"]
[WhiteElo "2473"]
[BlackElo "2279"]
[Annotator "ChessBase"]
[PlyCount "46"]
[EventDate "2023.10.22"]
[EventType "swiss"]
[EventCountry "ITA"]
[SourceTitle "playchess.com"]
[Source "ChessBase"]
[SourceQuality "1"]
[TimeControl "40/5400+30:1800+30"]

1. Nf3 d5 2. c4 e6 3. d4 c5 4. cxd5 exd5 5. g3 Nc6 6. Bg2 Nf6 7. O-O cxd4 8. Nxd4 Bc5 9. Nb3 Bb6 10. Nc3 d4 11. Na4 O-O 12. Bg5 h6 13. Bxf6 Qxf6 14. Nxb6 axb6 15. Bxc6 bxc6 16. Qxd4 Rd8 17. Qxf6 gxf6 18. Rfd1 Rxd1+ 19. Rxd1 Be6 20. Nc1 Bxa2 21. Nxa2 Rxa2 22. Rd6 Rxb2 23. Rxc6 Rxe2 1/2-1/2

[Event "FIDE World Senior-50 CC 2023"]
[Site "Terrasini"]
[Date "2023.10.28"]
[Round "4.6"]
[White "Minasian, Artashes"]
[Black "Vlassov, Nikolai"]
[Result "1/2-1/2"]
[ECO "A38"]
[WhiteElo "2462"]
[BlackElo "2283"]
[Annotator "ChessBase"]
[PlyCount "77"]
[EventDate "2023.10.22"]
[EventType "swiss"]
[EventCountry "ITA"]
[SourceTitle "playchess.com"]
[Source "ChessBase"]
[SourceQuality "1"]
[TimeControl "40/5400+30:1800+30"]

1. Nf3 c5 2. g3 Nc6 3. Bg2 g6 4. c4 Bg7 5. Nc3 Nf6 6. O-O d5 7. d3 d4 8. Na4 Nd7 9. e3 O-O 10. exd4 cxd4 11. a3 Rb8 12. Nd2 Qc7 13. b4 b6 14. Re1 e5 15. Nb3 Bb7 16. Bd2 Nd8 17. Nb2 Ne6 18. a4 Rfe8 19. a5 Bxg2 20. Kxg2 Bf8 21. axb6 axb6 22. Qf3 f5 23. Ra2 Nf6 24. Rea1 e4 25. dxe4 Nxe4 26. Ra7 Rb7 27. Ra8 Rxa8 28. Rxa8 Ra7 29. Rxa7 Qxa7 30. g4 Nxd2 31. Nxd2 Bxb4 32. gxf5 gxf5 33. Qxf5 Qf7 34. Qxf7+ Kxf7 35. Ne4 Nc7 36. Nd3 Be7 37. f4 b5 38. cxb5 Nxb5 39. Kf3 1/2-1/2

[Event "FIDE World Senior-50 CC 2023"]
[Site "Terrasini"]
[Date "2023.10.28"]
[Round "4.7"]
[White "Prasad, Devaki V"]
[Black "Mohr, Georg"]
[Result "1-0"]
[ECO "B73"]
[WhiteElo "2200"]
[BlackElo "2430"]
[Annotator "ChessBase"]
[PlyCount "91"]
[EventDate "2023.10.22"]
[EventType "swiss"]
[EventCountry "ITA"]
[SourceTitle "playchess.com"]
[Source "ChessBase"]
[SourceQuality "1"]
[TimeControl "40/5400+30:1800+30"]

1. e4 c5 2. Nf3 d6 3. d4 cxd4 4. Nxd4 Nf6 5. Nc3 g6 6. Be2 Bg7 7. O-O Nc6 8. Be3 O-O 9. Qd2 Ng4 10. Bxg4 Bxg4 11. Nd5 Rc8 12. c4 Nxd4 13. Bxd4 Rxc4 14. Bxg7 Kxg7 15. Ne3 Rxe4 16. f3 Bxf3 17. Rxf3 Qb6 18. Kh1 e6 19. h3 f5 20. Rd1 d5 21. b3 Qc7 22. Nc2 Rc8 23. Nd4 a6 24. Re3 Qe5 25. Rxe4 fxe4 26. Qf4 Qf6 27. Qd6 Re8 28. Rc1 Re7 29. Rc8 g5 30. Nf5+ exf5 31. Rg8+ Kf7 32. Rf8+ Kxf8 33. Qxf6+ Ke8 34. Kg1 d4 35. Qxd4 Kf7 36. Qd5+ Kf6 37. g4 fxg4 38. hxg4 e3 39. Qf5+ Kg7 40. Qxg5+ Kf7 41. Kf1 e2+ 42. Ke1 Kf8 43. Qf5+ Ke8 44. a4 Kd8 45. Qf8+ Kd7 46. b4 1-0